 Dungeon Crawl Stone Soup version 0.27.0-1-g7a089689b8 (webtiles) character file.

Game seed: 14900503130519268525

7 Spaninq the Gusty (level 1, -2/18 HPs)
             Began as a Troll Air Elementalist on Aug 8, 2021.
             Slain by a gnoll (4 damage)
             ... on level 1 of the Dungeon.
             The game lasted 00:00:33 (126 turns).

Spaninq the Gusty (Troll Air Elementalist)           Turns: 126, Time: 00:00:35

Health: -2/18      AC:  4    Str: 15    XL:     1   Next: 91%
Magic:  0/1        EV:  9    Int: 11    God:
Gold:   16         SH:  0    Dex: 10    Spells: 1/2 levels left

rFire    . . .     SeeInvis .     - Unarmed
rCold    . . .     Faith    .   (no shield)
rNeg     . . .     Spirit   .   a - +0 robe
rPois    .         Reflect  .   (helmet restricted)
rElec    .         Harm     .   (no cloak)
rCorr    .         Rampage  .   (gloves unavailable)
Will     .....                  (boots unavailable)
Stlth    +.........             (no amulet)
HPRegen  1.06/turn              (no ring)
MPRegen  0.07/turn              (no ring)

@: no status effects
A: large, unfitting armour, claws 3, regeneration 1, shaggy fur 1, tough skin 1
a: no special abilities


You were on level 1 of the Dungeon.
You visited 1 branch of the dungeon, and saw 1 of its levels.

You collected 16 gold pieces.

Inventory:

Armour
 a - a +0 robe (worn)


   Skills:
 + Level 0.5 Fighting
 - Level 1.5 Dodging
 - Level 1.0 Stealth
 * Level 1.2 Unarmed Combat
 - Level 1.2 Spellcasting
 - Level 0.6 Conjurations
 - Level 2.0 Air Magic


You had one spell level left.
You knew the following spells:

 Your Spells              Type           Power      Damage    Failure   Level
a - Shock                 Conj/Air       12%        1d3       19%         1

Your spell library contained the following spells:

 Spells                   Type           Power      Damage    Failure   Level
 Static Discharge         Conj/Air       3%         N/A       28%         2
 Swiftness                Air            5%         N/A       38%         3
 Airstrike                Air            2%         N/A       80%         4


Dungeon Overview and Level Annotations

Branches:
Dungeon (1/15)

Altars:

Shops:
D:1 =


Innate Abilities, Weirdness & Mutations

You are too large for most types of armour.
You have claws for hands.
Your natural rate of healing is unusually fast.
You are covered in fur. (AC +1)
You have tough skin. (AC +1)


Message History

The endoplasm is severely wounded.
The endoplasm hits you but does no damage.
You claw the endoplasm!
You kill the endoplasm!
Your Unarmed Combat skill increases to level 1!
A giant cockroach comes into view.
A giant cockroach is nearby!
A gnoll comes into view. It is wielding a +0 whip.
The gnoll shouts!
Found a ring mail.
You claw the giant cockroach!
You kill the giant cockroach!
A kobold comes into view. It is wielding a +0 whip.
You see here a +0 ring mail.
A kobold is nearby!
You barely miss the kobold. The kobold hits you with a +0 whip.
You barely miss the kobold. The kobold hits you with a +0 whip.
You closely miss the kobold. The gnoll hits you with a +0 whip!
The kobold hits you with a +0 whip.
* * * LOW HITPOINT WARNING * * *
You scratch the gnoll.
The gnoll is lightly wounded.
The kobold barely misses you. The gnoll hits you with a +0 whip.
* * * LOW HITPOINT WARNING * * *
You barely miss the gnoll.
The gnoll is lightly wounded.
The kobold hits you with a +0 whip.
* * * LOW HITPOINT WARNING * * *
The gnoll hits you with a +0 whip.
* * * LOW HITPOINT WARNING * * *
You aren't carrying any potions.
Casting: Shock (safe; 19% risk of failure)
Confirm with . or Enter, or press ? or * to list all spells.
Aiming: Shock (safe; 19% risk of failure)
Press: ? - help, Shift-Dir - straight line, f - gnoll
Aim: a gnoll, wielding a +0 whip (lightly wounded, 69% to hit)
The zap hits the gnoll.
The gnoll is moderately wounded.
The gnoll hits you with a +0 whip.
You die...

.#####.
#.##.#.# .#
#......# .#
####.#.# .#
#.#.## .#
#.#[.# .#
#######.#..#
.#
...........#
.#
######g##.#
.# #@# .# ..
#K# .# .#
#.# .# .#
... .# .#
#.# ## # #.#
#.# #.#


You could see a gnoll and a kobold.

Vanquished Creatures
  An endoplasm (D:1)
  A giant cockroach (D:1)
  3 hobgoblins (D:1)
  A rat (D:1)
6 creatures vanquished.

Notes
Turn   | Place    | Note
-------+----------+-------------------------------------------
     0 | D:1      | Spaninq the Troll Air Elementalist began the quest for the
                  | Orb.
     0 | D:1      | Reached XP level 1. HP: 16/16 MP: 1/1
    58 | D:1      | Found Cejuosmai's Jewellery Shop.
   103 | D:1      | Reached skill level 1 in Unarmed Combat
   126 | D:1      | Slain by a gnoll

Illustrated notes

Levels and vault maps discovered:
D:1:      dpeg_arrival_pond, layout_loops_ring, serial_shops,
          nicolae_shop_competitors_out_of_business

Skill      XL: |  1 |
---------------+----+-----
Unarmed Combat | 1 |  1.2
Fighting       | |  0.5
Dodging        | |  1.5
Stealth        | |  1.0
Spellcasting   | |  1.2
Conjurations   | |  0.6
Air Magic      | |  2.0

Action                   || total
-------------------------++-------
Melee: Unarmed           ||    12
 Cast: Shock             ||     1
Armor: Robe              ||     1
Dodge: Dodged            ||     3
